 Dungeon Crawl Stone Soup version 0.21.1-1-g345015f (webtiles) character file.

189 Melicamp the Covert (level 5, -23/67 HPs)
             Began as a Naga Assassin on Mar 24, 2018.
             Killed from afar by a kobold (27 damage)
             ... with an exploding inner flame
             ... hexed by the player character
             ... on level 3 of the Dungeon.
             The game lasted 00:22:54 (2813 turns).

Melicamp the Covert (Naga Assassin)                 Turns: 2813, Time: 00:22:55

Health: -23/67     AC:  5    Str: 19    XL:     5   Next: 68%
Magic:  5/5        EV:  9    Int: 11    God:
Gold:   190        SH:  0    Dex: 13    Spells: 4/4 levels left

rFire    . . .     SeeInvis +   u - +0 trident
rCold    . . .     Gourm    .   (no shield)
rNeg     . . .     Faith    .   c - +0 robe
rPois    +         Spirit   .   (no helmet)
rElec    .         Reflect  .   d - +1 cloak
rCorr    .         Harm     .   (no gloves)
MR       .....                  (no barding)
Stlth    ..........             (no amulet)
HPRegen  0.21/turn              C - +1 ring of protection
MPRegen  0.09/turn              (no ring)

@: berserking (expiring), flying, quick
A: large, see invisible, deformed body, poison resistance, slowness 2, slow
metabolism 1, spit poison 1, AC +1
a: Spit Poison


You were on level 3 of the Dungeon.
You were not hungry.

You visited 1 branch of the dungeon, and saw 3 of its levels.

You collected 190 gold pieces.

Inventory:

Hand Weapons
 a - a +2 dagger
 b - a +0 blowgun
 u - a +0 trident (weapon)
 A - a +2 dagger of venom
Missiles
 e - 24 poisoned needles
 f - 2 curare-tipped needles
 h - 35 stones (quivered)
 i - 2 throwing nets
 m - 15 arrows
 q - 5 needles of sleeping
 v - 7 silver javelins
 D - 15 bolts
Armour
 c - a +0 robe (worn)
 d - a +1 cloak (worn)
 k - a +0 shield
Jewellery
 C - a +1 ring of protection (left hand)
Scrolls
 l - a scroll of immolation
 n - 2 scrolls of teleportation {unknown}
 o - 2 scrolls of identify
 p - a scroll of fog {unknown}
 t - 3 scrolls of enchant armour
 y - a scroll of amnesia {unknown}
 z - a scroll of blinking {unknown}
Potions
 j - a potion of curing {unknown}
 s - a potion of brilliance {unknown}
 w - a potion of flight
 B - a potion of ambrosia {unknown}
Comestibles
 g - 4 rations
 x - 6 chunks of flesh


   Skills:
 - Level 2.0 Fighting
 - Level 2.2 Short Blades
 * Level 1.0 Polearms
 - Level 1.7 Throwing
 - Level 0.7 Dodging
 + Level 9.9 Stealth


You had 4 spell levels left.
You didn't know any spells.

Dungeon Overview and Level Annotations

Branches:
Dungeon (3/15)

Altars:


Innate Abilities, Weirdness & Mutations

You cannot wear boots.
Your serpentine skin is tough. (AC +1)
You have supernaturally acute eyesight. (SInv)
Armour fits poorly on your strangely shaped body.
Your system is resistant to poisons. (rPois)
You cover ground very slowly.
You have a slow metabolism.
You can spit poison.


Message History

Unknown command.
You hit the orc priest but do no damage.
The orc priest is severely wounded.
The orc wizard hits you but does no damage.
You barely miss the orc priest.
The orc priest is severely wounded.
You have got your breath back.
The orc wizard closely misses you. The kobold closely misses you.
The orc priest hits you.
* * * LOW HITPOINT WARNING * * *
The orc hits you with a war axe.
* * * LOW HITPOINT WARNING * * *
You are too berserk!
You are too berserk!
You puncture the orc priest!
The orc priest explodes!
The fiery explosion engulfs the kobold.
The kobold explodes!
The fiery explosion engulfs you!
You die...

#.............### #........#
#.##............###........## ##
#.##......................... ..#
#.##............#............ ..#
#.##............#...#####.#..
..###.#.........).###...#####.#..
......#.#..###§§§................
.....)........§§§o...............
......#.######§§@o...............
......#<..# #§#####.............
......#.#.####...................
......#.#....#...................
.................................
......#.#....#...................
#..............#....####....#....
#..............#.o..# #....#....
#####................. #.........


You could see an orc wizard (inner flame) and an orc.

Vanquished Creatures
  9 adders
  3 worms
  3 dart slugs
  5 leopard geckos
  An orc (D:2)
  9 bats
  3 giant cockroaches
  11 goblins
  8 hobgoblins
  11 jackals
  7 kobolds
  2 quokkas
  A ball python (D:2)
  4 frilled lizards
  6 rats
83 creatures vanquished.

Notes
Turn   | Place    | Note
-------+----------+-------------------------------------------
     0 | D:1      | Melicamp the Naga Assassin began the quest for the Orb.
     0 | D:1      | Reached XP level 1. HP: 19/19 MP: 1/1
    77 | D:1      | Reached skill level 6 in Stealth
   133 | D:1      | Reached XP level 2. HP: 26/26 MP: 2/2
   306 | D:1      | Reached skill level 7 in Stealth
   658 | D:1      | Reached XP level 3. HP: 32/32 MP: 3/3
  1020 | D:2      | Reached skill level 8 in Stealth
  1181 | D:2      | Reached XP level 4. HP: 30/39 MP: 4/4
  1380 | D:2      | Reached skill level 9 in Stealth
  1747 | D:2      | Reached XP level 5. HP: 44/45 MP: 5/5
  2379 | D:3      | Found a faded altar of an unknown god.
  2753 | D:3      | Reached skill level 1 in Polearms
  2813 | D:3      | Killed from afar by a kobold

Skill      XL: |  1  2  3  4  5 |
---------------+----------------+-----
Stealth        | 6 7 8 9 |  9.9
Polearms       | 1 |  1.0
Fighting       | |  2.0
Short Blades   | |  2.2
Throwing       | |  1.7
Dodging        | |  0.7

Action                   |  1- 3 |  4- 6 || total
-------------------------+-------+-------++-------
Melee: Dagger            |    86 |    77 ||   163
       Trident           |       |    55 ||    55
 Fire: Blowgun           |     9 |    11 ||    20
Throw: Stone             |     1 |     1 ||     2
 Abil: Spit Poison       |    25 |    19 ||    44
  Use: Scroll            |       |     3 ||     3
       Potion            |       |     3 ||     3
 Stab: Sleeping          |     6 |    11 ||    17
  Eat: Chunk             |     2 |     5 ||     7
Armor: Robe              |    23 |    52 ||    75
Dodge: Dodged            |    48 |    59 ||   107
